PAA
SALEM MISFITS @ NORTHVILLE ECLIPSE
09/17/2028
 
TOP OF THE 1ST
Salem Misfits batting - Pitching for Northville Eclipse : LHP Zalontae Hillary
Pitching: LHP Zalontae Hillary
Batting: LHB Rodrigo Gómez 0-0: Foul Ball, location: 2F
0-1: Called Strike
0-2: Fly out, F7 (Flyball, 7D)
Batting: LHB José Cuervo 0-0: Ball
1-0: Ball
2-0: Ball
3-0: Base on Balls
Batting: RHB Paul Penrice 0-0: Swinging Strike
0-1: Grounds into double play, 6-4-3 (Groundball, 6)
Top of the 1st over - 0 run(s), 0 hit(s), 0 error(s), 0 left on base; Salem 0 - Northville 0
BOTTOM OF THE 1ST
Northville Eclipse batting - Pitching for Salem Misfits : RHP Fernando Villarreal
Pitching: RHP Fernando Villarreal
Batting: RHB Alfonso Grappasonni 0-0: Foul Ball, location: 2F
0-1: Ball
1-1: Called Strike
1-2: Foul Ball, location: 2F
1-2: DOUBLE (Line Drive, 7LM)
Batting: LHB Darrell Woodmansee 0-0: Ball
1-0: Ground out 4-3 (Groundball, 4)
Alfonso Grappasonni to third
Batting: RHB Augusto Rocha 0-0: Ball
1-0: Ball
2-0: Ground out 5-3 (Groundball, 56)
Alfonso Grappasonni scores
Batting: LHB Koen van den Bogaert 0-0: Foul Ball, location: 2F
0-1: Called Strike
0-2: Ball
1-2: SINGLE (Line Drive, 4M)
Batting: RHB Cosmo Bjorkenheim 0-0: Ball
1-0: Called Strike
1-1: Foul Ball, location: 2F
1-2: Ball
2-2: SINGLE (Groundball, 15S) (infield hit)
Koen van den Bogaert to second
Batting: RHB Luis Guerrero 0-0: Fielders Choice at 2nd, 4-6 (Groundball, 4D)
Bottom of the 1st over - 1 run(s), 3 hit(s), 0 error(s), 1 left on base; Salem 0 - Northville 1
TOP OF THE 2ND
Salem Misfits batting - Pitching for Northville Eclipse : LHP Zalontae Hillary
Batting: RHB Ramón Ávila 0-0: Ball
1-0: Called Strike
1-1: Swinging Strike
1-2: Ball
2-2: Ball
3-2: Base on Balls
Batting: LHB Austin Hathaway 0-0: Foul Ball, location: 2F
0-1: SINGLE (Line Drive, 8RS)
Ramón Ávila to second
Batting: LHB Cris Gonzáles 0-0: Ball
1-0: Ball
2-0: Called Strike
2-1: Ball
3-1: Base on Balls
Ramón Ávila to third
Austin Hathaway to second
Batting: RHB Héctor Cantú 0-0: Foul Ball, location: 2F
0-1: Foul Ball, location: 2F
0-2: Foul Ball, location: 2F
0-2: Grounds into double play, 4-6-3 (Groundball, 4)
Ramón Ávila scores
Austin Hathaway to third
Batting: RHB Jorge Gómez 0-0: DOUBLE (Line Drive, 78M)
Austin Hathaway scores
Batting: RHB Paul O'Neill 0-0: Foul Ball, location: 2F
0-1: Ball
1-1: Foul Ball, location: 2F
1-2: Ball
2-2: Strikes out swinging
Top of the 2nd over - 2 run(s), 2 hit(s), 0 error(s), 1 left on base; Salem 2 - Northville 1
BOTTOM OF THE 2ND
Northville Eclipse batting - Pitching for Salem Misfits : RHP Fernando Villarreal
Batting: RHB John Townsend 0-0: Ball
1-0: Ball
2-0: Ball
3-0: Called Strike
3-1: Base on Balls
Batting: RHB Scott McMahon 0-0: Fly out, F9 (Flyball, 89M)
Batting: LHB Octávio Ontiveros 0-0: Ball
1-0: Foul Ball, location: 2F
1-1: Ball
2-1: Swinging Strike
2-2: Fly out, F7 (Flyball, 7)
Batting: RHB Alfonso Grappasonni 0-0: Ball
1-0: SINGLE (Line Drive, 56)
John Townsend to second
Batting: LHB Darrell Woodmansee 0-0: Fielders Choice at 2nd, 4-6 (Groundball, 4)
Bottom of the 2nd over - 0 run(s), 1 hit(s), 0 error(s), 1 left on base; Salem 2 - Northville 1
TOP OF THE 3RD
Salem Misfits batting - Pitching for Northville Eclipse : LHP Zalontae Hillary
Batting: LHB Rodrigo Gómez 0-0: DOUBLE (Groundball, 3L)
Batting: LHB José Cuervo 0-0: Called Strike
0-1: Ball
1-1: Swinging Strike
1-2: Ball
2-2: Strikes out swinging
Batting: RHB Paul Penrice 0-0: Fly out, F7 (Flyball, 7S)
Batting: RHB Ramón Ávila 0-0: Foul Ball, location: 2F
0-1: Ball
1-1: Swinging Strike
1-2: Ball
2-2: Reached on error, E4 (Groundball, 4)
Rodrigo Gómez to third
Batting: LHB Austin Hathaway 0-0: Called Strike
0-1: Ball
1-1: Called Strike
1-2: Fly out, F3 (Popup, 3S)
Top of the 3rd over - 0 run(s), 1 hit(s), 1 error(s), 2 left on base; Salem 2 - Northville 1
BOTTOM OF THE 3RD
Northville Eclipse batting - Pitching for Salem Misfits : RHP Fernando Villarreal
Batting: RHB Augusto Rocha 0-0: Ball
1-0: Ball
2-0: Called Strike
2-1: Ball
3-1: Base on Balls
Batting: LHB Koen van den Bogaert 0-0: Ball
1-0: Grounds into double play, 4-6-3 (Groundball, 4)
Batting: RHB Cosmo Bjorkenheim 0-0: Called Strike
0-1: Swinging Strike
0-2: Ball
1-2: Ground out 6-3 (Groundball, 6S)
Bottom of the 3rd over - 0 run(s), 0 hit(s), 0 error(s), 0 left on base; Salem 2 - Northville 1
TOP OF THE 4TH
Salem Misfits batting - Pitching for Northville Eclipse : LHP Zalontae Hillary
Batting: LHB Cris Gonzáles 0-0: Ball
1-0: Called Strike
1-1: Foul Ball, location: 2F
1-2: Ball
2-2: Foul Ball, location: 2F
2-2: Ball
3-2: Ground out 4-3 (Groundball, 34)
Batting: RHB Héctor Cantú 0-0: Ball
1-0: Ground out 5-3 (Groundball, 5S)
Batting: RHB Jorge Gómez 0-0: Ball
1-0: Fly out, F8 (Flyball, 8RM)
Top of the 4th over - 0 run(s), 0 hit(s), 0 error(s), 0 left on base; Salem 2 - Northville 1
BOTTOM OF THE 4TH
Northville Eclipse batting - Pitching for Salem Misfits : RHP Fernando Villarreal
Batting: RHB Luis Guerrero 0-0: Called Strike
0-1: SINGLE (Groundball, 4MD)
Batting: RHB John Townsend 0-0: Ball
1-0: Ball
2-0: Called Strike
2-1: Ball
3-1: Base on Balls
Luis Guerrero to second
Batting: RHB Scott McMahon 0-0: Ball
1-0: Foul Ball, location: 2F
1-1: Ball
2-1: Foul Ball, location: 2F
2-2: SINGLE (Line Drive, 34D)
Luis Guerrero to third
John Townsend to second
Batting: LHB Octávio Ontiveros 0-0: Swinging Strike
0-1: Called Strike
0-2: Ball
1-2: Strikes out looking
Batting: RHB Alfonso Grappasonni 0-0: Swinging Strike
0-1: Called Strike
0-2: Foul Ball, location: 2F
0-2: Ball
1-2: Ball
2-2: Ball
3-2: SINGLE (Line Drive, 6D)
Luis Guerrero scores
John Townsend to third
Scott McMahon to second
Batting: LHB Darrell Woodmansee 0-0: Ball
1-0: Ball
2-0: Called Strike
2-1: SINGLE (Groundball, 34S) (infield hit)
John Townsend scores
Scott McMahon to third
Alfonso Grappasonni to second
Batting: RHB Augusto Rocha 0-0: Ball
1-0: Ball
2-0: Foul Ball, location: 2F
2-1: SINGLE (Groundball, 56S) (infield hit)
Scott McMahon scores
Alfonso Grappasonni to third
Darrell Woodmansee to second
Batting: LHB Koen van den Bogaert 0-0: Fly out, F9 (Flyball, 89S)
Batting: RHB Cosmo Bjorkenheim 0-0: Ball
1-0: Called Strike
1-1: Foul Ball, location: 2F
1-2: Foul Ball, location: 2F
1-2: Fly out, F7 (Flyball, 7LM)
Bottom of the 4th over - 3 run(s), 5 hit(s), 0 error(s), 3 left on base; Salem 2 - Northville 4
TOP OF THE 5TH
Salem Misfits batting - Pitching for Northville Eclipse : LHP Zalontae Hillary
Batting: RHB Paul O'Neill 0-0: Ball
1-0: Fly out, F8 (Flyball, 8LD)
Batting: LHB Rodrigo Gómez 0-0: Called Strike
0-1: Ground out 4-3 (Groundball, 4)
Batting: LHB José Cuervo 0-0: Called Strike
0-1: Ball
1-1: Ball
2-1: SINGLE (Line Drive, 34D)
Batting: RHB Paul Penrice 0-0: Swinging Strike
0-1: Ball
1-1: Ball
José Cuervo is caught stealing 2nd base
Top of the 5th over - 0 run(s), 1 hit(s), 0 error(s), 0 left on base; Salem 2 - Northville 4
BOTTOM OF THE 5TH
Northville Eclipse batting - Pitching for Salem Misfits : RHP Fernando Villarreal
Batting: RHB Luis Guerrero 0-0: Fly out, F7 (Flyball, 7)
Batting: RHB John Townsend 0-0: Ball
1-0: Ball
2-0: Foul Ball, location: 2F
2-1: Called Strike
2-2: Strikes out swinging
Batting: RHB Scott McMahon 0-0: Ball
1-0: Ground out 4-3 (Groundball, 4)
Bottom of the 5th over - 0 run(s), 0 hit(s), 0 error(s), 0 left on base; Salem 2 - Northville 4
TOP OF THE 6TH
Salem Misfits batting - Pitching for Northville Eclipse : LHP Zalontae Hillary
Batting: RHB Paul Penrice 0-0: Ball
1-0: SOLO HOME RUN (Flyball, 7D), Distance : 405 ft
Batting: RHB Ramón Ávila 0-0: Ball
1-0: Foul Ball, location: 2F
1-1: SINGLE (Groundball, 3D)
Batting: LHB Austin Hathaway 0-0: DOUBLE (Line Drive, 7D)
Ramón Ávila to third
Batting: LHB Cris Gonzáles 0-0: Ball
1-0: Called Strike
1-1: Swinging Strike
1-2: Ball
2-2: Strikes out swinging
Batting: RHB Héctor Cantú 0-0: Swinging Strike
0-1: SINGLE (Flyball, 34D)
Ramón Ávila scores
Austin Hathaway to third
Batting: RHB Jorge Gómez 0-0: Ball
1-0: Foul Ball, location: 2F
1-1: Swinging Strike
1-2: Foul Ball, location: 2F
1-2: Ball
2-2: Foul Ball, location: 2F
2-2: Strikes out swinging
Batting: RHB Paul O'Neill 0-0: Ball
1-0: Bunted foul
1-1: Fielders Choice at 2nd, 5-4 (Groundball, 56)
Top of the 6th over - 2 run(s), 4 hit(s), 0 error(s), 1 left on base; Salem 4 - Northville 4
BOTTOM OF THE 6TH
Northville Eclipse batting - Pitching for Salem Misfits : RHP Fernando Villarreal
Batting: LHB Octávio Ontiveros 0-0: Ground out 5-3 (Groundball, 56D)
Batting: RHB Alfonso Grappasonni 0-0: Ball
1-0: Ball
2-0: Ball
3-0: Called Strike
3-1: Called Strike
3-2: Fly out, F9 (Flyball, 89M)
Batting: LHB Darrell Woodmansee 0-0: Ball
1-0: Ball
2-0: Ball
3-0: Called Strike
3-1: Base on Balls
Batting: RHB Augusto Rocha 0-0: Ball
Darrell Woodmansee steals 2nd base
1-0: Swinging Strike
1-1: Fly out, F8 (Flyball, 8RM)
Bottom of the 6th over - 0 run(s), 0 hit(s), 0 error(s), 1 left on base; Salem 4 - Northville 4
TOP OF THE 7TH
Salem Misfits batting - Pitching for Northville Eclipse : LHP Zalontae Hillary
Batting: LHB Rodrigo Gómez 0-0: Ball
1-0: Swinging Strike
1-1: Swinging Strike
1-2: Strikes out swinging
Batting: LHB José Cuervo 0-0: Ball
1-0: Foul Ball, location: 2F
1-1: Ball
2-1: Ball
3-1: Ground out U3 (Groundball, 34)
Batting: RHB Paul Penrice 0-0: Ball
1-0: Called Strike
1-1: Ball
2-1: Foul Ball, location: 2F
2-2: Foul Ball, location: 2F
2-2: Strikes out swinging
Top of the 7th over - 0 run(s), 0 hit(s), 0 error(s), 0 left on base; Salem 4 - Northville 4
BOTTOM OF THE 7TH
Northville Eclipse batting - Pitching for Salem Misfits : RHP Fernando Villarreal
Batting: LHB Koen van den Bogaert 0-0: Foul Ball, location: 2F
0-1: Ball
1-1: Foul Ball, location: 2F
1-2: Foul Ball, location: 2F
1-2: Ground out 1-3 (Groundball, 13S)
Batting: RHB Cosmo Bjorkenheim 0-0: Foul Ball, location: 2F
0-1: Ground out 5-3 (Groundball, 5L)
Batting: RHB Luis Guerrero 0-0: Ball
1-0: Ball
2-0: Swinging Strike
2-1: Called Strike
2-2: Foul Ball, location: 2F
2-2: SOLO HOME RUN (Flyball, 7D), Distance : 407 ft
Batting: RHB John Townsend 0-0: Ball
1-0: Swinging Strike
1-1: DOUBLE (Line Drive, 9LM)
Pitching: RHP Kelly Henry
Batting: RHB Scott McMahon 0-0: Ball
1-0: Ball
2-0: Called Strike
2-1: Fly out, F8 (Flyball, 89S)
Bottom of the 7th over - 1 run(s), 2 hit(s), 0 error(s), 1 left on base; Salem 4 - Northville 5
TOP OF THE 8TH
Salem Misfits batting - Pitching for Northville Eclipse : LHP Zalontae Hillary
Batting: RHB Ramón Ávila 0-0: Foul Ball, location: 2F
0-1: Fly out, F3 (Line Drive, 3)
Batting: LHB Austin Hathaway 0-0: Ball
1-0: Called Strike
1-1: Called Strike
1-2: Strikes out swinging
Batting: LHB Cris Gonzáles 0-0: Called Strike
0-1: Ball
1-1: Swinging Strike
1-2: Strikes out swinging
Top of the 8th over - 0 run(s), 0 hit(s), 0 error(s), 0 left on base; Salem 4 - Northville 5
BOTTOM OF THE 8TH
Northville Eclipse batting - Pitching for Salem Misfits : RHP Kelly Henry
Batting: LHB Octávio Ontiveros 0-0: Called Strike
0-1: SINGLE (Groundball, 56D)
Batting: RHB Alfonso Grappasonni 0-0: Ball
1-0: Bunted foul
1-1: Sac Bunt - play at first, batter OUT! 3-4
Octávio Ontiveros to second
Batting: LHB Darrell Woodmansee 0-0: SINGLE (Flyball, 8LS)
Octávio Ontiveros to third
Batting: RHB Augusto Rocha 0-0: Ball
1-0: Ball
Darrell Woodmansee is caught stealing 2nd base
2-0: Ball
3-0: Called Strike
3-1: Ground out 6-3 (Groundball, 6)
Bottom of the 8th over - 0 run(s), 2 hit(s), 0 error(s), 1 left on base; Salem 4 - Northville 5
TOP OF THE 9TH
Salem Misfits batting - Pitching for Northville Eclipse : LHP Zalontae Hillary
Pitching: RHP Javier Luna
Now at 1B: King Tracy
Now in CF: José Silva
Pinch Hitting: RHB Ryan Fiore 0-0: Ball
1-0: Swinging Strike
1-1: Foul Ball, location: 2F
1-2: Ball
2-2: Ball
3-2: Base on Balls
Batting: RHB Jorge Gómez 0-0: Bunt missed!
0-1: Ball
1-1: Sac Bunt - play at first, batter OUT! 3-4
Ryan Fiore to second
Pinch Hitting: RHB Vicente Andros 0-0: Ball
1-0: Called Strike
1-1: Ball
2-1: SINGLE (Groundball, 56D)
Ryan Fiore to third
Runner from 3rd tries for Home, SAFE, throw made home
Batting: LHB Rodrigo Gómez 0-0: Ball
1-0: Foul Ball, location: 2F
1-1: Called Strike
1-2: Strikes out looking
Batting: LHB José Cuervo 0-0: Called Strike
0-1: Ball
1-1: Ball
2-1: Ball
3-1: Base on Balls
Vicente Andros to second
Pinch Runner at 2nd Jason Ward:
Batting: RHB Paul Penrice 0-0: Called Strike
0-1: Ball
1-1: Swinging Strike
1-2: Strikes out looking
Top of the 9th over - 1 run(s), 1 hit(s), 0 error(s), 2 left on base; Salem 5 - Northville 5
BOTTOM OF THE 9TH
Northville Eclipse batting - Pitching for Salem Misfits : RHP Kelly Henry
Now at C: Ryan Fiore
Now at SS: Jason Ward
Pinch Hitting: RHB Luis Hernández 0-0: Ball
1-0: Ball
2-0: Ground out 5-3 (Groundball, 56)
Batting: RHB Cosmo Bjorkenheim 0-0: SOLO HOME RUN (Flyball, 7D), Distance : 387 ft
Wednesday, September 6th, 2017 - OOTP Baseball 17.12 Build 75